 Dungeon Crawl Stone Soup version 0.23-a0-563-g409694ba0a (webtiles) character file.

159 Maize the Skirmisher (level 5, -1/47 HPs)
             Began as a Minotaur Fighter on Dec 13, 2018.
             Slain by an orc
             ... wielding a +0 mace
              (4 damage)
             ... on level 3 of the Dungeon.
             The game lasted 00:02:05 (2230 turns).

Maize the Skirmisher (Minotaur Fighter)             Turns: 2230, Time: 00:02:05

Health: -1/47      AC:  8    Str: 21    XL:     5   Next: 17%
Magic:  4/4        EV:  7    Int:  5    God:
Gold:   85         SH:  9    Dex: 10    Spells: 4/4 levels left

rFire    . . .     SeeInvis .   a - +0 war axe
rCold    . . .     Gourm    .   c - +0 shield
rNeg     . . .     Faith    .   b - +0 scale mail
rPois    .         Spirit   .   (helmet restricted)
rElec    .         Reflect  .   (no cloak)
rCorr    .         Harm     .   g - +0 pair of gloves (curse)
MR       .....                  (no boots)
Stlth    ..........             (no amulet)
HPRegen  0.15/turn              (no ring)
MPRegen  0.09/turn              (no ring)

@: no status effects
A: retaliatory headbutt, horns 2
a: no special abilities


You were on level 3 of the Dungeon.
You were not hungry.

You visited 1 branch of the dungeon, and saw 3 of its levels.

You collected 85 gold pieces.

Inventory:

Hand Weapons
 a - a +0 war axe (weapon)
Armour
 b - a +0 scale mail (worn)
 c - a +0 shield (worn)
 g - a cursed +0 pair of gloves (worn)
Scrolls
 e - a scroll of fear {unknown}
 h - 2 scrolls of identify {unknown}
 l - a scroll of blinking {unknown}
 p - a scroll of teleportation {unknown}
 q - a scroll of immolation {unknown}
Potions
 d - a potion of might
 i - a potion of ambrosia {unknown}
 k - a potion of degeneration {unknown}
 m - a potion of lignification {unknown}
 n - a potion of agility {unknown}
 o - 2 potions of heal wounds {unknown}
 r - a potion of berserk rage {unknown}
Comestibles
 f - 4 rations
 j - 2 chunks of flesh


   Skills:
 + Level 4.7 Fighting
 * Level 4.7 Axes
 + Level 4.7 Armour
 - Level 3.8 Shields


You had 4 spell levels left.
You didn't know any spells.
Your spell library was empty.

Dungeon Overview and Level Annotations

Branches:
Dungeon (3/15)

Altars:


Innate Abilities, Weirdness & Mutations

You reflexively headbutt those who attack you in melee.
You have a pair of horns on your head.


Message History

You headbutt the orc priest, but do no damage.
The orc priest is moderately wounded.
The orc priest calls down the wrath of Beogh upon you.
Beogh smites you!
* * * LOW HITPOINT WARNING * * *
Your scale mail prevents you from hitting the orc priest.
The orc priest is moderately wounded.
You block the orc priest's attack.
The orc priest hits you with a cursed -3 whip.
* * * LOW HITPOINT WARNING * * *
You hit the orc priest. Your headbutt misses the orc priest.
The orc priest is severely wounded.
The orc priest completely misses you.
You slash the orc priest!
You kill the orc priest!
You have reached level 5!
You slash the orc!
You kill the orc!
You hit the orc but do no damage. The orc hits you with a +0 mace.
You die...

#.#.# ####.###.# #.#.#
#........#
##.#.###.##.##..#
##............รท..#
#.....###.#####.##
#.##...####.# ##...#
#..>........###.#.#.#
#####.########.##.##.#
#@# #.##....# #o#
#.####..# .o. ##.###.#
..... ##....# .......
##.###.#
.........####...##.##
+.........+.....(.....
#=........####...##.##
##.###.#


You could see 2 orcs.

Vanquished Creatures
  An orc priest (D:3)
  Crazy Yiuf (D:2)
  An orc wizard (D:3)
  3 adders
  A worm (D:2)
  2 dart slugs
  A leopard gecko (D:2)
  6 orcs (D:3)
  3 giant cockroaches
  6 goblins
  A hobgoblin (D:1)
  4 kobolds
  2 ball pythons
  3 bats
  4 frilled lizards
  5 rats (D:2)
44 creatures vanquished.

Notes
Turn   | Place    | Note
-------+----------+-------------------------------------------
     0 | D:1      | Maize the Minotaur Fighter began the quest for the Orb.
     0 | D:1      | Reached XP level 1. HP: 19/19 MP: 0/0
   272 | D:1      | Reached XP level 2. HP: 27/27 MP: 1/1
  1033 | D:2      | Found a runed door.
  1065 | D:2      | Reached XP level 3. HP: 33/33 MP: 2/2
  1763 | D:2      | Noticed Crazy Yiuf
  1769 | D:2      | Killed Crazy Yiuf
  1769 | D:2      | Reached XP level 4. HP: 27/41 MP: 3/3
  1878 | D:3      | Found a faded altar of an unknown god.
  2226 | D:3      | HP: 2/41 [orc priest/cursed -3 whip (1)]
  2228 | D:3      | Reached XP level 5. HP: 3/47 MP: 4/4
  2230 | D:3      | Slain by an orc

Vault maps used:
D:1:      sevenhm_arrival_forest_fort_large_2
D:2:      uniq_crazy_yiuf_cottage
D:3:      chequers_ecumenical_altar_island, first_ration

Skill      XL: |  1  2  3 |
---------------+----------+-----
Axes           | 3 4 |  4.7
Fighting       | 4 |  4.7
Armour         | 4 |  4.7
Shields        | |  3.8

Action                   |  1- 3 |  4- 6 || total
-------------------------+-------+-------++-------
Melee: War axe           |    76 |    45 ||   121
       Headbutt          |    12 |     6 ||    18
  Eat: Chunk             |     3 |     1 ||     4
Armor: Scale mail        |    30 |    16 ||    46
Dodge: Dodged            |    20 |    11 ||    31
Block: Shield            |    35 |    23 ||    58

Table legend:
 A = Non-vault XP
 B = Vault XP
 C = Vault XP percentage of total XP
 D = Non-vault monster count
 E = Vault monster count
 F = Vault count percentage of total count
                 A         B        C        D         E       F
            +---------+---------+-------+---------+---------+-------
      Total |     191 |      37 |  16.2 |      43 |       1 |   2.3
            +---------+---------+-------+---------+---------+-------
        D:1 |      19 |       0 |   0.0 |      10 |       0 |   0.0
        D:2 |      59 |      37 |  38.5 |      20 |       1 |   4.8
        D:3 |     113 |       0 |   0.0 |      13 |       0 |   0.0
            +---------+---------+-------+---------+---------+-------
